2777 views
Uploaded 2021-07-30 23:15:53
Game version 1.32.10
23:18 long 4on4 ladder game on (8)NerubianPassage
Saved by AskeLange
2777 views
Uploaded 2021-07-30 23:15:53
Game version 1.32.10
23:18 long 4on4 ladder game on (8)NerubianPassage


244 units @ 29.4k
/ 3.5k
98 buildings @ 12.3k
/ 5.5k


| Staff of Preservation | 1 | 150 |
| Orb of Venom | 1 | 325 |
| Potion of Healing | 1 | 150 |
| Scroll of Healing | 1 | 250 |
| Boots of Speed | 1 | 250 |
| Staff of Teleportation | 1 | 150 |
| Periapt of Vitality | 1 | 325 |
| Scroll of Regeneration | 1 | 100 |
| Potion of Invulnerability | 1 | 400 |
| total: | 9 | 2100g |
| Wisp | 34 | 2040 | / | 0 |
| Archer | 28 | 3640 | / | 280 |
| Hippogryph | 4 | 640 | / | 80 |
| Druid of the Talon | 1 | 145 | / | 20 |
| Mountain Giant | 1 | 350 | / | 100 |
| Druid of the Claw | 2 | 510 | / | 160 |
| Chimaera | 2 | 660 | / | 140 |
| total: | 72 | 7985g | / | 780w |
| Altar of Elders | 1 | 180 | / | 50 |
| Moon Well | 7 | 1260 | / | 280 |
| Ancient of War | 1 | 150 | / | 60 |
| Ancient of Wonders | 1 | 90 | / | 30 |
| Tree of Life | 2 | 680 | / | 370 |
| Hunter's Hall | 2 | 420 | / | 200 |
| Ancient of Wind | 3 | 450 | / | 420 |
| Ancient of Lore | 1 | 155 | / | 145 |
| Chimaera Roost | 2 | 280 | / | 380 |
| Tree of Ages | 1 | 320 | / | 180 |
| Tree of Eternity | 1 | 330 | / | 200 |
| total: | 20 | 3665g | / | 1935w |
| 0:01 | Altar of Elders |
| 0:03 | Moon Well |
| 0:05 | Wisp |
| 0:05 | Wisp |
| 0:29 | Wisp |
| 0:36 | Wisp |
| 0:49 | Wisp |
| 1:10 | Moon Well |
| 1:11 | Wisp |
| 1:23 | Wisp |
| 1:27 | Ancient of War |
| 1:30 | Wisp |
| 1:39 | Wisp |
| 1:39 | Wisp |
| 1:39 | Wisp |
| 2:10 | Wisp |
| 2:30 | Force of Nature |
| 2:32 | Archer |
| 2:33 | Archer |
| 2:33 | Archer |
| 2:41 | Ancient of Wonders |
| 2:52 | Moon Well |
| 3:14 | Tree of Ages |
| 3:48 | Tree of Life |
| 3:59 | Archer |
| 4:21 | Archer |
| 4:35 | Archer |
| 4:36 | Archer |
| 4:52 | Archer |
| 4:58 | Archer |
| 5:08 | Archer |
| 5:26 | Entangling Roots |
| 5:32 | Moon Well |
| 6:00 | Moon Well |
| 6:24 | Wisp |
| 6:24 | Wisp |
| 6:24 | Wisp |
| 6:24 | Wisp |
| 6:50 | Entangling Roots |
| 7:04 | Moon Well |
| 7:05 | Wisp |
| 7:06 | Wisp |
| 7:06 | Wisp |
| 7:15 | Wisp |
| 7:15 | Wisp |
| 7:16 | Wisp |
| 7:34 | Ancient of Wind |
| 7:34 | Ancient of Wind |
| 7:35 | Ancient of Wind |
| 7:43 | Mana Burn |
| 7:48 | Staff of Preservation |
| 8:28 | Boots of Speed |
| 8:30 | Staff of Teleportation |
| 8:44 | Periapt of Vitality |
| 8:55 | Hippogryph |
| 9:31 | Tree of Eternity |
| 9:35 | Hunter's Hall |
| 10:08 | Hippogryph |
| 10:09 | Hippogryph |
| 10:51 | Scroll of Healing |
| 11:12 | Archer |
| 11:13 | Archer |
| 11:14 | Archer |
| 11:17 | Ancient of Lore |
| 11:28 | Moon Well |
| 11:46 | Archer |
| 11:47 | Archer |
| 11:47 | Archer |
| 11:47 | Archer |
| 12:02 | Archer |
| 12:03 | Archer |
| 12:06 | Marksmanship |
| 12:08 | Improved Bows |
| 12:32 | Tree of Life |
| 13:00 | Evasion |
| 13:57 | Orb of Venom |
| 14:23 | Force of Nature |
| 15:26 | Druid of the Talon |
| 16:38 | Archer |
| 16:39 | Archer |
| 16:39 | Archer |
| 16:39 | Archer |
| 16:39 | Archer |
| 16:39 | Archer |
| 16:39 | Archer |
| 16:53 | Wisp |
| 16:54 | Wisp |
| 16:54 | Wisp |
| 16:54 | Wisp |
| 16:54 | Wisp |
| 16:55 | Wisp |
| 16:55 | Wisp |
| 17:00 | Evasion |
| 17:09 | Potion of Invulnerability |
| 18:16 | Archer |
| 18:19 | Chimaera Roost |
| 18:20 | Chimaera Roost |
| 18:24 | Hunter's Hall |
| 18:28 | Ultravision |
| 18:29 | Well Spring |
| 18:29 | Strength of the Wild |
| 18:29 | Reinforced Hides |
| 18:30 | Moon Armor |
| 18:30 | Strength of the Moon |
| 18:36 | Scroll of Regeneration |
| 19:18 | Potion of Healing |
| 19:30 | Archer |
| 19:36 | Mountain Giant |
| 19:36 | Druid of the Claw Adept Training |
| 19:37 | Druid of the Claw |
| 20:37 | Hippogryph |
| 20:42 | Druid of the Claw |
| 21:00 | Wisp |
| 21:00 | Wisp |
| 21:00 | Wisp |
| 21:00 | Wisp |
| 21:01 | Wisp |
| 21:47 | Chimaera |
| 21:49 | Chimaera |
| Select group | 564 |
| Misc. action | 383 |
| Right click | 371 |
| Select | 268 |
| Build/train/purchase | 120 |
| Use ability | 119 |
| Assign group | 54 |
| Remove unit | 9 |
| Item give/drop | 6 |
| Chat | 6 |

| Scroll of Regeneration | 2 | 200 |
| Lesser Clarity Potion | 1 | 70 |
| Scroll of Town Portal | 1 | 350 |
| total: | 4 | 620g |
| Peasant | 7 | 525 | / | 0 |
| Footman | 11 | 1485 | / | 0 |
| Mortar Team | 8 | 1440 | / | 560 |
| Flying Machine | 25 | 2500 | / | 750 |
| Knight | 7 | 1715 | / | 420 |
| total: | 58 | 7665g | / | 1730w |
| Scout Tower | 2 | 60 | / | 40 |
| Arcane Tower | 2 | 140 | / | 100 |
| Altar of Kings | 1 | 180 | / | 50 |
| Farm | 8 | 640 | / | 160 |
| Barracks | 1 | 160 | / | 60 |
| Lumber Mill | 2 | 240 | / | 0 |
| Arcane Vault | 1 | 130 | / | 30 |
| Blacksmith | 1 | 140 | / | 60 |
| Workshop | 3 | 420 | / | 420 |
| Keep | 1 | 320 | / | 210 |
| Castle | 1 | 360 | / | 210 |
| total: | 19 | 1970g | / | 820w |
| 0:03 | Peasant |
| 0:03 | Peasant |
| 0:08 | Altar of Kings |
| 0:11 | Farm |
| 0:20 | Peasant |
| 0:30 | Barracks |
| 0:37 | Peasant |
| 0:55 | Lumber Mill |
| 1:01 | Peasant |
| 1:15 | Peasant |
| 1:22 | Farm |
| 1:32 | Footman |
| 1:43 | Arcane Vault |
| 1:58 | Footman |
| 2:06 | Improved Lumber Harvesting |
| 2:10 | Holy Light |
| 2:23 | Footman |
| 2:30 | Farm |
| 2:40 | Footman |
| 2:59 | Blacksmith |
| 3:33 | Footman |
| 3:59 | Divine Shield |
| 4:02 | Keep |
| 4:04 | Footman |
| 4:16 | Farm |
| 4:17 | Iron Plating |
| 4:35 | Defend |
| 4:51 | Scroll of Regeneration |
| 4:51 | Lesser Clarity Potion |
| 5:05 | Farm |
| 5:08 | Iron Forged Swords |
| 5:29 | Improved Masonry |
| 5:32 | Footman |
| 5:46 | Scout Tower |
| 6:16 | Arcane Tower |
| 6:17 | Scout Tower |
| 6:33 | Workshop |
| 6:45 | Arcane Tower |
| 6:49 | Advanced Lumber Harvesting |
| 6:53 | Devotion Aura |
| 7:13 | Workshop |
| 7:18 | Workshop |
| 7:41 | Mortar Team |
| 8:02 | Flying Machine |
| 8:23 | Mortar Team |
| 8:25 | Flying Machine |
| 8:29 | Farm |
| 8:39 | Black Gunpowder |
| 8:44 | Flying Machine |
| 8:59 | Mortar Team |
| 9:04 | Flying Machine |
| 9:37 | Peasant |
| 9:49 | Flak Cannons |
| 9:51 | Flying Machine |
| 10:11 | Mortar Team |
| 10:13 | Flying Machine |
| 10:30 | Studded Leather Armor |
| 10:34 | Lumber Mill |
| 10:48 | Flying Machine |
| 10:51 | Farm |
| 11:31 | Flying Machine |
| 11:33 | Mortar Team |
| 12:01 | Holy Light |
| 12:18 | Castle |
| 12:28 | Footman |
| 12:31 | Scroll of Town Portal |
| 12:31 | Scroll of Regeneration |
| 12:45 | Steel Plating |
| 12:56 | Footman |
| 12:58 | Mortar Team |
| 13:17 | Footman |
| 13:20 | Farm |
| 13:23 | Flying Machine |
| 14:05 | Footman |
| 14:39 | Knight |
| 14:41 | Flying Machine Bombs |
| 14:43 | Flying Machine |
| 15:08 | Flying Machine |
| 15:10 | Knight |
| 15:12 | Steel Forged Swords |
| 15:30 | Flying Machine |
| 16:04 | Knight |
| 16:42 | Knight |
| 16:48 | Flying Machine |
| 17:07 | Mortar Team |
| 17:10 | Mithril Forged Swords |
| 17:27 | Knight |
| 17:39 | Flying Machine |
| 17:55 | Flying Machine |
| 18:00 | Flying Machine |
| 18:26 | Animal War Training |
| 19:08 | Flying Machine |
| 19:09 | Flying Machine |
| 19:10 | Flying Machine |
| 19:14 | Flying Machine |
| 19:47 | Knight |
| 19:50 | Flying Machine |
| 20:10 | Flying Machine |
| 20:36 | Mortar Team |
| 21:01 | Flying Machine |
| 21:04 | Fragmentation Shards |
| 21:39 | Knight |
| 22:03 | Mithril Plating |
| 22:11 | Divine Shield |
| 22:23 | Flying Machine |
| 22:28 | Flying Machine |
| Select | 296 |
| Right click | 216 |
| Select group | 150 |
| Build/train/purchase | 110 |
| Misc. action | 33 |
| Use ability | 30 |
| Chat | 11 |
| Assign group | 9 |


| Scroll of Regeneration | 2 | 200 |
| Potion of Healing | 4 | 600 |
| Lesser Clarity Potion | 1 | 70 |
| Scroll of Town Portal | 2 | 700 |
| total: | 9 | 1570g |
| Peasant | 19 | 1425 | / | 0 |
| Footman | 6 | 810 | / | 0 |
| Rifleman | 10 | 2050 | / | 300 |
| Sorceress | 2 | 310 | / | 40 |
| Priest | 3 | 405 | / | 30 |
| Spell Breaker | 5 | 1075 | / | 150 |
| Knight | 2 | 490 | / | 120 |
| total: | 47 | 6565g | / | 640w |
| Scout Tower | 3 | 90 | / | 60 |
| Guard Tower | 1 | 70 | / | 50 |
| Altar of Kings | 1 | 180 | / | 50 |
| Barracks | 1 | 160 | / | 60 |
| Farm | 11 | 880 | / | 220 |
| Lumber Mill | 1 | 120 | / | 0 |
| Arcane Vault | 3 | 390 | / | 90 |
| Blacksmith | 1 | 140 | / | 60 |
| Town Hall | 1 | 385 | / | 205 |
| Arcane Sanctum | 2 | 300 | / | 280 |
| Keep | 1 | 320 | / | 210 |
| Castle | 1 | 360 | / | 210 |
| total: | 24 | 2645g | / | 1025w |
| 0:02 | Peasant |
| 0:02 | Peasant |
| 0:19 | Altar of Kings |
| 0:21 | Barracks |
| 0:22 | Farm |
| 0:31 | Peasant |
| 0:45 | Peasant |
| 1:00 | Peasant |
| 1:04 | Farm |
| 1:14 | Peasant |
| 1:26 | Footman |
| 1:37 | Farm |
| 1:42 | Peasant |
| 1:43 | Footman |
| 1:57 | Peasant |
| 2:04 | Footman |
| 2:16 | Peasant |
| 2:24 | Footman |
| 2:26 | Summon Water Elemental |
| 2:30 | Peasant |
| 3:03 | Keep |
| 3:24 | Footman |
| 4:02 | Farm |
| 4:05 | Lumber Mill |
| 4:07 | Arcane Vault |
| 4:19 | Brilliance Aura |
| 5:17 | Footman |
| 5:18 | Blacksmith |
| 5:19 | Farm |
| 5:58 | Scout Tower |
| 5:58 | Scout Tower |
| 6:00 | Arcane Vault |
| 6:15 | Arcane Sanctum |
| 6:19 | Arcane Sanctum |
| 6:31 | Guard Tower |
| 6:37 | Rifleman |
| 7:18 | Rifleman |
| 7:19 | Storm Bolt |
| 7:28 | Scout Tower |
| 7:41 | Sorceress |
| 8:39 | Town Hall |
| 8:48 | Priest |
| 9:03 | Improved Masonry |
| 9:05 | Farm |
| 9:08 | Priest Adept Training |
| 9:44 | Farm |
| 9:50 | Priest |
| 10:24 | Sorceress Adept Training |
| 10:25 | Rifleman |
| 12:31 | Priest |
| 12:32 | Rifleman |
| 12:32 | Rifleman |
| 12:36 | Improved Lumber Harvesting |
| 12:37 | Peasant |
| 12:38 | Peasant |
| 12:38 | Peasant |
| 12:39 | Farm |
| 12:41 | Black Gunpowder |
| 13:19 | Farm |
| 13:21 | Spell Breaker |
| 13:23 | Peasant |
| 13:23 | Peasant |
| 13:23 | Rifleman |
| 13:23 | Rifleman |
| 13:55 | Blizzard |
| 14:36 | Bash |
| 14:49 | Spell Breaker |
| 14:51 | Rifleman |
| 14:51 | Rifleman |
| 14:52 | Castle |
| 15:09 | Scroll of Regeneration |
| 15:11 | Potion of Healing |
| 15:14 | Lesser Clarity Potion |
| 15:15 | Potion of Healing |
| 15:24 | Farm |
| 16:31 | Spell Breaker |
| 16:32 | Iron Plating |
| 16:36 | Farm |
| 16:51 | Arcane Vault |
| 18:14 | Scroll of Regeneration |
| 18:17 | Scroll of Town Portal |
| 18:20 | Potion of Healing |
| 18:22 | Knight |
| 18:23 | Spell Breaker |
| 18:42 | Summon Water Elemental |
| 18:53 | Storm Bolt |
| 19:04 | Control Magic |
| 19:05 | Spell Breaker |
| 19:07 | Knight |
| 19:32 | Rifleman |
| 19:35 | Sorceress |
| 20:12 | Potion of Healing |
| 20:12 | Scroll of Town Portal |
| 20:37 | Peasant |
| 20:38 | Peasant |
| 20:38 | Peasant |
| 20:38 | Peasant |
| Right click | 592 |
| Select | 395 |
| Misc. action | 154 |
| Select group | 143 |
| Build/train/purchase | 125 |
| Chat | 93 |
| Use ability | 63 |
| Assign group | 32 |
| Resource trade | 13 |
| Minimap ping | 10 |
| Esc | 3 |
| Remove unit | 1 |



| Scroll of Regeneration | 3 | 300 |
| Potion of Mana | 2 | 400 |
| Staff of Sanctuary | 1 | 250 |
| Scroll of Town Portal | 3 | 1050 |
| Potion of Lesser Invulnerability | 1 | 150 |
| total: | 10 | 2150g |
| Peasant | 36 | 2700 | / | 0 |
| Footman | 13 | 1755 | / | 0 |
| Priest | 15 | 2025 | / | 150 |
| Knight | 3 | 735 | / | 180 |
| total: | 67 | 7215g | / | 330w |
| Scout Tower | 10 | 300 | / | 200 |
| Arcane Tower | 4 | 280 | / | 200 |
| Guard Tower | 6 | 420 | / | 300 |
| Altar of Kings | 2 | 360 | / | 100 |
| Farm | 10 | 800 | / | 200 |
| Barracks | 3 | 480 | / | 180 |
| Town Hall | 3 | 1155 | / | 615 |
| Lumber Mill | 1 | 120 | / | 0 |
| Arcane Vault | 3 | 390 | / | 90 |
| Blacksmith | 1 | 140 | / | 60 |
| Arcane Sanctum | 2 | 300 | / | 280 |
| Keep | 1 | 320 | / | 210 |
| Castle | 1 | 360 | / | 210 |
| total: | 35 | 4045g | / | 1725w |
| 0:02 | Peasant |
| 0:02 | Peasant |
| 0:05 | Altar of Kings |
| 0:18 | Farm |
| 0:20 | Barracks |
| 0:23 | Peasant |
| 0:39 | Peasant |
| 0:44 | Peasant |
| 0:56 | Farm |
| 1:00 | Peasant |
| 1:20 | Footman |
| 1:27 | Peasant |
| 1:36 | Footman |
| 1:48 | Farm |
| 1:52 | Peasant |
| 2:04 | Footman |
| 2:09 | Summon Water Elemental |
| 2:27 | Footman |
| 2:28 | Peasant |
| 2:49 | Farm |
| 2:59 | Footman |
| 2:59 | Peasant |
| 3:22 | Footman |
| 3:38 | Peasant |
| 3:49 | Town Hall |
| 3:53 | Scout Tower |
| 3:59 | Peasant |
| 4:09 | Brilliance Aura |
| 4:12 | Footman |
| 4:16 | Peasant |
| 4:27 | Arcane Tower |
| 4:37 | Peasant |
| 5:01 | Brilliance Aura |
| 5:20 | Peasant |
| 5:20 | Peasant |
| 5:38 | Peasant |
| 5:38 | Peasant |
| 5:40 | Scout Tower |
| 5:55 | Keep |
| 5:59 | Lumber Mill |
| 6:02 | Scout Tower |
| 6:03 | Scout Tower |
| 6:12 | Arcane Vault |
| 6:29 | Arcane Tower |
| 6:43 | Footman |
| 6:43 | Footman |
| 6:44 | Arcane Tower |
| 6:48 | Farm |
| 6:48 | Farm |
| 7:11 | Footman |
| 7:11 | Footman |
| 7:14 | Guard Tower |
| 7:16 | Improved Lumber Harvesting |
| 7:28 | Scout Tower |
| 8:16 | Arcane Tower |
| 8:33 | Peasant |
| 8:35 | Footman |
| 8:35 | Footman |
| 8:43 | Peasant |
| 8:43 | Peasant |
| 8:44 | Peasant |
| 8:45 | Peasant |
| 8:52 | Castle |
| 9:29 | Blacksmith |
| 9:32 | Arcane Vault |
| 9:53 | Storm Bolt |
| 9:59 | Summon Water Elemental |
| 10:19 | Scroll of Regeneration |
| 10:20 | Scroll of Town Portal |
| 10:21 | Potion of Mana |
| 10:22 | Potion of Mana |
| 10:29 | Scout Tower |
| 10:30 | Scout Tower |
| 10:37 | Scout Tower |
| 10:38 | Scout Tower |
| 10:42 | Arcane Sanctum |
| 10:43 | Arcane Sanctum |
| 10:54 | Barracks |
| 10:58 | Barracks |
| 11:00 | Advanced Lumber Harvesting |
| 11:01 | Peasant |
| 11:01 | Peasant |
| 11:01 | Peasant |
| 11:13 | Guard Tower |
| 11:14 | Guard Tower |
| 11:29 | Peasant |
| 11:29 | Peasant |
| 11:39 | Guard Tower |
| 11:40 | Scout Tower |
| 11:44 | Scroll of Regeneration |
| 11:56 | Priest |
| 11:56 | Priest |
| 12:00 | Priest |
| 12:00 | Priest |
| 12:02 | Farm |
| 12:03 | Farm |
| 12:06 | Farm |
| 12:06 | Farm |
| 12:38 | Scroll of Town Portal |
| 12:39 | Staff of Sanctuary |
| 12:47 | Holy Light |
| 12:55 | Arcane Vault |
| 13:34 | Priest Adept Training |
| 13:35 | Priest |
| 14:18 | Animal War Training |
| 14:19 | Knight |
| 14:43 | Priest |
| 14:43 | Priest |
| 14:47 | Guard Tower |
| 15:13 | Knight |
| 15:42 | Summon Water Elemental |
| 15:52 | Priest |
| 15:52 | Priest |
| 15:52 | Priest |
| 15:53 | Knight |
| 16:09 | Thunder Clap |
| 16:51 | Priest |
| 16:51 | Priest |
| 17:16 | Peasant |
| 17:16 | Peasant |
| 17:57 | Priest |
| 17:57 | Priest |
| 17:58 | Priest |
| 17:59 | Priest Master Training |
| 19:01 | Altar of Kings |
| 19:03 | Thunder Clap |
| 19:41 | Peasant |
| 19:42 | Peasant |
| 20:13 | Peasant |
| 20:14 | Peasant |
| 20:14 | Peasant |
| 20:14 | Peasant |
| 20:18 | Town Hall |
| 20:21 | Scroll of Regeneration |
| 20:23 | Scroll of Town Portal |
| 21:02 | Potion of Lesser Invulnerability |
| 22:09 | Divine Shield |
| 22:50 | Town Hall |
| Select group | 1769 |
| Right click | 1015 |
| Select | 672 |
| Build/train/purchase | 189 |
| Misc. action | 107 |
| Assign group | 76 |
| Use ability | 57 |
| Chat | 42 |
| Resource trade | 7 |
| Minimap ping | 3 |
178 units @ 23.7k
/ 3k
79 buildings @ 11.1k
/ 5.2k


| Staff of Preservation | 2 | 300 |
| Orb of Venom | 2 | 650 |
| Scroll of Town Portal | 2 | 700 |
| Scroll of Healing | 2 | 500 |
| Potion of Lesser Invulnerability | 1 | 150 |
| Scroll of Protection | 1 | 150 |
| Staff of Teleportation | 1 | 150 |
| total: | 11 | 2600g |
| Wisp | 32 | 1920 | / | 0 |
| Archer | 3 | 390 | / | 30 |
| Chimaera | 10 | 3300 | / | 700 |
| Ice Troll Berserker | 1 | 245 | / | 30 |
| total: | 46 | 5855g | / | 760w |
| Altar of Elders | 1 | 180 | / | 50 |
| Moon Well | 7 | 1260 | / | 280 |
| Ancient of War | 1 | 150 | / | 60 |
| Ancient of Wonders | 2 | 180 | / | 60 |
| Tree of Life | 2 | 680 | / | 370 |
| Hunter's Hall | 1 | 210 | / | 100 |
| Chimaera Roost | 6 | 840 | / | 1140 |
| Tree of Ages | 1 | 320 | / | 180 |
| Tree of Eternity | 2 | 660 | / | 400 |
| total: | 20 | 3500g | / | 2060w |
| 0:01 | Wisp |
| 0:01 | Wisp |
| 0:03 | Altar of Elders |
| 0:20 | Moon Well |
| 0:24 | Ancient of War |
| 0:30 | Wisp |
| 0:39 | Wisp |
| 0:51 | Wisp |
| 0:54 | Wisp |
| 1:19 | Wisp |
| 1:27 | Archer |
| 1:35 | Moon Well |
| 1:41 | Wisp |
| 2:09 | Force of Nature |
| 2:46 | Wisp |
| 2:46 | Wisp |
| 3:00 | Archer |
| 3:01 | Tree of Ages |
| 3:03 | Entangling Roots |
| 3:12 | Moon Well |
| 3:41 | Ancient of Wonders |
| 4:00 | Archer |
| 4:13 | Force of Nature |
| 5:40 | Tree of Eternity |
| 5:47 | Nature's Blessing |
| 5:59 | Tree of Eternity |
| 6:51 | Trueshot Aura |
| 7:00 | Staff of Preservation |
| 7:01 | Scroll of Town Portal |
| 7:18 | Tree of Life |
| 8:19 | Wisp |
| 8:19 | Wisp |
| 8:19 | Wisp |
| 8:19 | Wisp |
| 8:19 | Wisp |
| 8:19 | Wisp |
| 8:20 | Wisp |
| 8:20 | Wisp |
| 8:20 | Wisp |
| 8:22 | Chimaera Roost |
| 8:33 | Ice Troll Berserker |
| 8:49 | Moon Well |
| 9:36 | Wisp |
| 9:43 | Chimaera Roost |
| 9:48 | Tree of Life |
| 9:51 | Wisp |
| 9:52 | Wisp |
| 9:53 | Chimaera Roost |
| 10:20 | Chimaera Roost |
| 10:21 | Wisp |
| 10:21 | Wisp |
| 10:37 | Orb of Venom |
| 11:24 | Chimaera |
| 11:46 | Searing Arrows |
| 12:00 | Chimaera |
| 12:00 | Chimaera |
| 12:04 | Wisp |
| 12:04 | Wisp |
| 12:08 | Entangling Roots |
| 12:31 | Wisp |
| 12:31 | Wisp |
| 12:31 | Wisp |
| 12:32 | Wisp |
| 12:32 | Wisp |
| 12:37 | Chimaera Roost |
| 12:51 | Hunter's Hall |
| 13:03 | Chimaera Roost |
| 14:15 | Corrosive Breath |
| 14:36 | Trueshot Aura |
| 14:59 | Chimaera |
| 15:00 | Well Spring |
| 15:01 | Strength of the Wild |
| 15:05 | Moon Well |
| 15:06 | Moon Well |
| 15:07 | Moon Well |
| 15:32 | Chimaera |
| 15:56 | Chimaera |
| 16:32 | Improved Strength of the Wild |
| 16:37 | Ancient of Wonders |
| 16:39 | Wisp |
| 16:49 | Scroll of Town Portal |
| 16:58 | Orb of Venom |
| 17:13 | Staff of Preservation |
| 17:46 | Force of Nature |
| 17:58 | Advanced Strength of the Wild |
| 18:15 | Chimaera |
| 18:38 | Chimaera |
| 19:07 | Chimaera |
| 19:33 | Searing Arrows |
| 19:51 | Reinforced Hides |
| 20:23 | Chimaera |
| 22:10 | Potion of Lesser Invulnerability |
| 22:11 | Scroll of Healing |
| 22:11 | Scroll of Healing |
| 22:12 | Scroll of Protection |
| 22:17 | Staff of Teleportation |
| 22:55 | Tranquility |
| Select group | 2423 |
| Right click | 1757 |
| Select | 674 |
| Misc. action | 270 |
| Build/train/purchase | 97 |
| Assign group | 79 |
| Use ability | 65 |
| Chat | 20 |
| Remove unit | 9 |
| Item give/drop | 4 |
| Esc | 2 |
| Minimap ping | 2 |


| Healing Salve | 1 | 100 |
| Scroll of Town Portal | 3 | 1050 |
| total: | 4 | 1150g |
| Peon | 14 | 1050 | / | 0 |
| Troll Headhunter | 6 | 840 | / | 120 |
| Troll Witch Doctor | 13 | 1885 | / | 325 |
| Shaman | 9 | 1170 | / | 180 |
| Troll Berserker | 8 | 1120 | / | 160 |
| total: | 50 | 6065g | / | 785w |
| Watch Tower | 4 | 440 | / | 320 |
| Altar of Storms | 1 | 180 | / | 50 |
| Orc Burrow | 7 | 1120 | / | 280 |
| War Mill | 1 | 205 | / | 0 |
| Barracks | 1 | 180 | / | 50 |
| Voodoo Lounge | 1 | 130 | / | 30 |
| Spirit Lodge | 2 | 300 | / | 300 |
| Stronghold | 1 | 315 | / | 190 |
| Fortress | 1 | 325 | / | 190 |
| total: | 17 | 2555g | / | 1030w |
| 0:04 | Peon |
| 0:04 | Peon |
| 0:22 | Peon |
| 0:22 | Peon |
| 0:32 | Altar of Storms |
| 0:36 | Orc Burrow |
| 0:37 | Peon |
| 0:37 | Peon |
| 1:10 | Peon |
| 1:21 | War Mill |
| 1:38 | Barracks |
| 1:42 | Peon |
| 2:08 | Peon |
| 2:13 | Orc Burrow |
| 2:16 | Peon |
| 2:36 | Peon |
| 2:47 | Troll Headhunter |
| 3:07 | Stronghold |
| 3:10 | Troll Headhunter |
| 3:12 | Steel Ranged Weapons |
| 3:18 | Mirror Image |
| 3:33 | Troll Headhunter |
| 3:55 | Troll Headhunter |
| 4:09 | Voodoo Lounge |
| 4:15 | Watch Tower |
| 4:21 | Troll Headhunter |
| 4:34 | Steel Armor |
| 4:43 | Orc Burrow |
| 5:04 | Wind Walk |
| 5:31 | Spiked Barricades |
| 6:02 | Spirit Lodge |
| 6:08 | Spirit Lodge |
| 6:35 | Watch Tower |
| 6:37 | Fortress |
| 7:06 | Troll Regeneration |
| 7:32 | Witch Doctor Adept Training |
| 7:34 | Troll Witch Doctor |
| 7:55 | Healing Wave |
| 8:25 | Thorium Ranged Weapons |
| 8:27 | Troll Witch Doctor |
| 8:29 | Shaman Adept Training |
| 8:53 | Wind Walk |
| 9:08 | Serpent Ward |
| 9:27 | Witch Doctor Master Training |
| 9:28 | Troll Witch Doctor |
| 9:29 | Shaman |
| 9:34 | Watch Tower |
| 9:38 | Healing Salve |
| 9:53 | Troll Headhunter |
| 9:54 | Berserker Upgrade |
| 10:03 | Shaman Master Training |
| 10:05 | Shaman |
| 10:06 | Troll Witch Doctor |
| 10:21 | Peon |
| 10:21 | Peon |
| 10:21 | Peon |
| 11:09 | Orc Burrow |
| 11:10 | Thorium Armor |
| 11:25 | Orc Burrow |
| 11:31 | Burning Oil |
| 12:24 | Scroll of Town Portal |
| 12:30 | Troll Berserker |
| 12:34 | Shaman |
| 12:36 | Troll Witch Doctor |
| 12:48 | Critical Strike |
| 12:55 | Troll Berserker |
| 12:57 | Troll Witch Doctor |
| 12:58 | Shaman |
| 14:39 | Troll Berserker |
| 14:42 | Troll Witch Doctor |
| 14:43 | Shaman |
| 14:47 | Orc Burrow |
| 14:49 | Arcanite Ranged Weapons |
| 15:50 | Troll Berserker |
| 15:52 | Shaman |
| 15:53 | Troll Witch Doctor |
| 16:14 | Troll Berserker |
| 16:54 | Critical Strike |
| 17:15 | Troll Berserker |
| 17:16 | Shaman |
| 17:18 | Troll Witch Doctor |
| 18:07 | Troll Witch Doctor |
| 18:08 | Shaman |
| 18:12 | Orc Burrow |
| 18:23 | Scroll of Town Portal |
| 18:51 | Improved Spiked Barricades |
| 20:25 | Troll Witch Doctor |
| 20:29 | Reinforced Defenses |
| 20:33 | Watch Tower |
| 20:47 | Troll Berserker |
| 20:59 | Scroll of Town Portal |
| 22:01 | Troll Berserker |
| 22:06 | Troll Witch Doctor |
| 22:38 | Serpent Ward |
| 22:38 | Healing Wave |
| 22:56 | Arcanite Armor |
| 22:59 | Shaman |
| 22:59 | Troll Witch Doctor |
| Select | 413 |
| Right click | 412 |
| Build/train/purchase | 109 |
| Use ability | 38 |
| Remove unit | 4 |
| Minimap ping | 3 |
| Item give/drop | 1 |


| Orb of Fire | 1 | 325 |
| Potion of Mana | 1 | 200 |
| Scroll of Healing | 1 | 250 |
| Scroll of Town Portal | 2 | 700 |
| Potion of Lesser Invulnerability | 1 | 150 |
| Scroll of Protection | 1 | 150 |
| total: | 7 | 1775g |
| Peasant | 19 | 1425 | / | 0 |
| Footman | 7 | 945 | / | 0 |
| Rifleman | 2 | 410 | / | 60 |
| Knight | 8 | 1960 | / | 480 |
| Gryphon Rider | 7 | 1960 | / | 490 |
| Ice Troll Berserker | 1 | 245 | / | 30 |
| total: | 44 | 6945g | / | 1060w |
| Scout Tower | 7 | 210 | / | 140 |
| Guard Tower | 4 | 280 | / | 200 |
| Altar of Kings | 1 | 180 | / | 50 |
| Farm | 13 | 1040 | / | 260 |
| Barracks | 2 | 320 | / | 120 |
| Town Hall | 1 | 385 | / | 205 |
| Lumber Mill | 1 | 120 | / | 0 |
| Blacksmith | 1 | 140 | / | 60 |
| Arcane Vault | 1 | 130 | / | 30 |
| Gryphon Aviary | 3 | 420 | / | 450 |
| Keep | 1 | 320 | / | 210 |
| Castle | 2 | 720 | / | 420 |
| total: | 30 | 2945g | / | 1315w |
| 0:01 | Peasant |
| 0:01 | Peasant |
| 0:05 | Altar of Kings |
| 0:18 | Farm |
| 0:24 | Barracks |
| 0:29 | Peasant |
| 0:42 | Farm |
| 0:47 | Peasant |
| 0:59 | Peasant |
| 1:12 | Peasant |
| 1:22 | Peasant |
| 1:25 | Footman |
| 1:31 | Farm |
| 1:45 | Footman |
| 1:49 | Peasant |
| 1:58 | Peasant |
| 2:04 | Footman |
| 2:13 | Farm |
| 2:17 | Summon Water Elemental |
| 2:27 | Footman |
| 2:39 | Peasant |
| 2:53 | Footman |
| 2:55 | Peasant |
| 3:10 | Peasant |
| 3:12 | Footman |
| 3:37 | Brilliance Aura |
| 3:43 | Footman |
| 3:44 | Peasant |
| 4:07 | Town Hall |
| 4:15 | Peasant |
| 4:21 | Scout Tower |
| 4:36 | Farm |
| 4:53 | Scout Tower |
| 5:02 | Lumber Mill |
| 5:06 | Peasant |
| 5:08 | Summon Water Elemental |
| 5:22 | Scout Tower |
| 5:27 | Keep |
| 5:56 | Blacksmith |
| 6:03 | Scout Tower |
| 6:05 | Improved Lumber Harvesting |
| 6:08 | Scout Tower |
| 6:10 | Scout Tower |
| 6:21 | Peasant |
| 6:21 | Peasant |
| 6:21 | Peasant |
| 6:22 | Guard Tower |
| 6:43 | Guard Tower |
| 6:55 | Barracks |
| 7:12 | Scout Tower |
| 7:15 | Arcane Vault |
| 7:22 | Rifleman |
| 7:46 | Ice Troll Berserker |
| 8:01 | Gryphon Aviary |
| 8:15 | Brilliance Aura |
| 8:20 | Gryphon Aviary |
| 8:26 | Gryphon Aviary |
| 8:46 | Castle |
| 8:49 | Peasant |
| 9:05 | Guard Tower |
| 9:11 | Storm Bolt |
| 9:23 | Rifleman |
| 9:27 | Bash |
| 9:59 | Iron Forged Swords |
| 9:59 | Iron Plating |
| 10:25 | Improved Masonry |
| 10:26 | Advanced Lumber Harvesting |
| 10:27 | Advanced Masonry |
| 10:46 | Farm |
| 10:48 | Farm |
| 10:51 | Farm |
| 11:28 | Knight |
| 11:30 | Gryphon Rider |
| 11:58 | Steel Forged Swords |
| 11:59 | Steel Plating |
| 12:38 | Animal War Training |
| 12:40 | Storm Hammers |
| 12:42 | Gryphon Rider |
| 12:44 | Knight |
| 12:48 | Farm |
| 12:51 | Farm |
| 14:04 | Storm Bolt |
| 14:14 | Summon Water Elemental |
| 14:24 | Knight |
| 14:27 | Gryphon Rider |
| 15:17 | Gryphon Rider |
| 15:19 | Knight |
| 15:21 | Mithril Forged Swords |
| 15:22 | Mithril Plating |
| 15:37 | Bash |
| 16:09 | Mass Teleport |
| 16:36 | Knight |
| 16:38 | Gryphon Rider |
| 17:18 | Potion of Lesser Invulnerability |
| 17:18 | Scroll of Healing |
| 17:19 | Scroll of Town Portal |
| 17:19 | Scroll of Protection |
| 18:38 | Storm Bolt |
| 19:15 | Knight |
| 19:18 | Farm |
| 19:20 | Farm |
| 19:21 | Farm |
| 20:04 | Knight |
| 20:10 | Gryphon Rider |
| 20:32 | Orb of Fire |
| 20:33 | Scroll of Town Portal |
| 20:34 | Potion of Mana |
| 22:51 | Knight |
| 22:52 | Gryphon Rider |
| Right click | 624 |
| Select | 387 |
| Select group | 300 |
| Build/train/purchase | 214 |
| Misc. action | 140 |
| Assign group | 67 |
| Use ability | 43 |
| Item give/drop | 6 |
| Esc | 5 |
| Minimap ping | 5 |
| Chat | 5 |



| Healing Salve | 3 | 300 |
| Orb of Lightning | 1 | 375 |
| Tiny Great Hall | 1 | 600 |
| Scroll of Town Portal | 4 | 1400 |
| total: | 9 | 2675g |
| Peon | 18 | 1350 | / | 0 |
| Grunt | 7 | 1400 | / | 0 |
| Troll Headhunter | 3 | 420 | / | 60 |
| Kodo Beast | 2 | 510 | / | 120 |
| Troll Berserker | 4 | 560 | / | 80 |
| Troll Witch Doctor | 2 | 290 | / | 50 |
| Shaman | 2 | 260 | / | 40 |
| total: | 38 | 4790g | / | 350w |
| Watch Tower | 1 | 110 | / | 80 |
| Altar of Storms | 1 | 180 | / | 50 |
| Orc Burrow | 4 | 640 | / | 160 |
| Barracks | 1 | 180 | / | 50 |
| Voodoo Lounge | 1 | 130 | / | 30 |
| War Mill | 1 | 205 | / | 0 |
| Great Hall | 1 | 385 | / | 185 |
| Beastiary | 1 | 145 | / | 140 |
| Spirit Lodge | 1 | 150 | / | 150 |
| Stronghold | 1 | 315 | / | 190 |
| Fortress | 1 | 325 | / | 190 |
| total: | 12 | 2125g | / | 845w |
| 0:03 | Peon |
| 0:03 | Peon |
| 0:06 | Altar of Storms |
| 0:09 | Orc Burrow |
| 0:28 | Barracks |
| 0:39 | Peon |
| 0:40 | Peon |
| 0:49 | Peon |
| 0:59 | Peon |
| 0:59 | Peon |
| 1:26 | Orc Burrow |
| 1:35 | Grunt |
| 1:35 | Grunt |
| 1:42 | Peon |
| 1:42 | Peon |
| 1:55 | Voodoo Lounge |
| 2:05 | Peon |
| 2:10 | Critical Strike |
| 2:24 | Grunt |
| 2:32 | Peon |
| 2:51 | Grunt |
| 3:07 | Orc Burrow |
| 3:26 | Healing Salve |
| 3:35 | Grunt |
| 3:43 | Mirror Image |
| 4:08 | Stronghold |
| 4:35 | Grunt |
| 4:58 | War Mill |
| 5:37 | Healing Salve |
| 5:47 | Grunt |
| 5:52 | Great Hall |
| 5:53 | Critical Strike |
| 6:22 | Watch Tower |
| 6:34 | Peon |
| 6:34 | Peon |
| 6:34 | Peon |
| 6:34 | Peon |
| 6:35 | Peon |
| 6:35 | Peon |
| 6:35 | Peon |
| 7:57 | Orc Burrow |
| 8:20 | Fortress |
| 8:41 | Healing Wave |
| 8:44 | Scroll of Town Portal |
| 8:45 | Healing Salve |
| 9:03 | Troll Headhunter |
| 9:05 | Beastiary |
| 9:08 | Spirit Lodge |
| 9:11 | Steel Armor |
| 9:43 | Troll Headhunter |
| 9:48 | Steel Ranged Weapons |
| 10:21 | Troll Headhunter |
| 10:22 | Kodo Beast |
| 10:48 | Scroll of Town Portal |
| 11:23 | Orb of Lightning |
| 11:48 | Troll Regeneration |
| 12:20 | War Drums Damage Increase |
| 12:44 | Berserker Upgrade |
| 12:45 | Shaman Adept Training |
| 12:45 | Witch Doctor Adept Training |
| 13:32 | Breath of Fire |
| 13:52 | Wind Walk |
| 14:11 | Hex |
| 14:32 | Drunken Brawler |
| 15:02 | Shaman Master Training |
| 15:03 | Witch Doctor Master Training |
| 15:34 | Troll Berserker |
| 15:35 | Kodo Beast |
| 15:55 | Healing Wave |
| 16:54 | Scroll of Town Portal |
| 17:18 | Troll Berserker |
| 18:05 | Critical Strike |
| 18:24 | Troll Witch Doctor |
| 18:25 | Shaman |
| 18:27 | Troll Berserker |
| 18:53 | Breath of Fire |
| 19:00 | Hex |
| 19:21 | Troll Berserker |
| 20:04 | Troll Witch Doctor |
| 20:04 | Shaman |
| 20:48 | Scroll of Town Portal |
| 20:58 | Reinforced Defenses |
| 20:58 | Thorium Armor |
| 20:59 | Thorium Ranged Weapons |
| 21:25 | Tiny Great Hall |
| 21:39 | Envenomed Spears |
| 22:54 | Drunken Brawler |
| 23:10 | Bladestorm |
| Select group | 637 |
| Right click | 395 |
| Select | 387 |
| Misc. action | 314 |
| Build/train/purchase | 102 |
| Use ability | 59 |
| Assign group | 19 |
| Minimap ping | 12 |
| Item give/drop | 1 |